 Dungeon Crawl Stone Soup version 0.18.1-50-g88ac8fd (webtiles) character file.

8700 MaCx the Twirler (level 11, -4/64 HPs)
             Began as a Gargoyle Wizard on Sept 10, 2016.
             Was a Believer of Vehumet.
             Slain by dricus's ghost (17 damage)
             ... on level 1 of the Lair of Beasts on Sept 13, 2016.
             The game lasted 01:36:03 (21859 turns).

MaCx the Twirler (Gargoyle Wizard)                 Turns: 21859, Time: 01:36:03

Health: -4/64      AC: 17    Str: 21    XL:     11   Next: 35%
Magic:  16/27      EV: 10    Int: 21    God:    Vehumet [**....]
Gold:   489        SH:  9    Dex:  6    Spells: 5 memorised, 9 levels left

rFire  . . .     SeeInvis .     W - staff of conjuration
rCold  . . .     Gourm    .     Z - +2 robe {MR+}
rNeg   + . .     Faith    .     C - +0 buckler
rPois  ∞         Spirit   .     b - +0 hat
rElec  +         Dismiss  .     D - +2 cloak {MR+}
rCorr  .         Reflect  +     u - +0 pair of gloves
SustAt .         Harm     .     S - +1 pair of boots
MR     ++...                    P - +5 amulet of reflection
Stlth  ++........               L - ring of magical power
                                X - ring "Xejec" {rElec EV+3 Str+9 Dex-2 Slay+2}

@: repel missiles, very resistant to hostile enchantments, unstealthy
A: negative energy resistance 1, electricity resistance, unbreathing,
petrification resistance, rot immunity, AC +7
a: Renounce Religion


You were on level 1 of the Lair of Beasts.
You worshipped Vehumet.
Vehumet was pleased with you.
You were not hungry.

You visited 4 branches of the dungeon, and saw 14 of its levels.
You also visited: Sewer.

You collected 547 gold pieces.
You spent 58 gold pieces at shops.

Inventory:

Hand Weapons
 v - a +0 whip
 E - a +1 quarterstaff
Armour
 b - a +0 hat (worn)
 u - a +0 pair of gloves (worn)
 C - a +0 buckler (worn)
 D - a +2 cloak of magic resistance (worn)
 S - a +1 pair of boots (worn)
 Z - a +2 robe of magic resistance (worn)
Magical Staves
 W - an uncursed staff of conjuration (weapon)
Jewellery
 f - an uncursed ring of positive energy
 r - an uncursed ring of ice
 y - an uncursed amulet of harm
 A - an uncursed ring of poison resistance
 I - a cursed ring of teleportation {unknown}
 L - a ring of magical power (right hand)
 N - an uncursed ring of flight {unknown}
 P - a +5 amulet of reflection (around neck)
 Q - an uncursed ring of protection from cold {unknown}
 X - the ring "Xejec" (left hand) {rElec EV+3 Str+9 Dex-2 Slay+2}
   (You found it on level 10 of the Dungeon)

   [ring of evasion]

   It affects your evasion (+3).
   It affects your strength (+9).
   It affects your dexterity (-2).
   It affects your accuracy and damage with ranged weapons and melee attacks
   (+2).
   It insulates you from electricity.
 Y - an uncursed ring of see invisible {unknown}
Wands
 w - a wand of disintegration (8/24)
 B - a wand of iceblast (5/15)
 F - a wand of flame (31/48)
 O - a wand of flame (22/48)
 V - a wand of disintegration (11/24)
Scrolls
 e - 5 scrolls of remove curse
 i - 4 scrolls of teleportation
 k - a scroll of blinking
 l - a scroll of enchant armour
 p - a scroll of fog {unknown}
 q - 2 scrolls of amnesia
 t - 2 scrolls of recharging {unknown}
 x - 2 scrolls of magic mapping
 K - a scroll of fear {unknown}
 R - 2 scrolls of noise
Potions
 a - a potion of lignification {unknown}
 g - a potion of beneficial mutation {unknown}
 h - 3 potions of haste {unknown}
 j - a potion of ambrosia {unknown}
 m - 2 potions of agility {unknown}
 n - 5 potions of curing {unknown}
 o - 2 potions of degeneration {unknown}
 s - a potion of berserk rage {unknown}
 z - a potion of might {unknown}
 H - 4 potions of heal wounds {unknown}
 J - 3 potions of flight {unknown}
 M - a potion of cure mutation {unknown}
 U - a potion of brilliance {unknown}
Books
 c - a book of Minor Magic

   Spells                             Type                      Level
   a - Magic Dart                     Conjuration                  1
   b - Blink                          Translocation                2
   c - Call Imp                       Summoning                    2
   d - Repel Missiles                 Charms/Air                   2
   e - Slow                           Hexes                        2
   f - Conjure Flame                  Conjuration/Fire             3
   g - Mephitic Cloud                 Conjuration/Poison/Air       3
Comestibles
 d - 6 bread rations
 G - 4 fruits


   Skills:
 - Level 6.0 Fighting
 + Level 7.7 Staves
 + Level 4.4 Dodging
 - Level 2.2 Stealth
 - Level 5.0 Shields
 - Level 5.1 Spellcasting
 - Level 5.0 Conjurations
   Level 0.8 Summonings
 - Level 0.8 Translocations
 + Level 7.6 Fire Magic
 + Level 6.3 Air Magic


You had 9 spell levels left.
You knew the following spells:

 Your Spells              Type           Power        Failure   Level  Hunger
a - Magic Dart            Conj           ####         1%          1    None
b - Mephitic Cloud        Conj/Pois/Air  ####....     10%         3    ##.....
c - Conjure Flame         Conj/Fire      #####...     2%          3    ##.....
d - Repel Missiles        Chrm/Air       ###...       6%          2    None
e - Blink                 Tloc           N/A          12%         2    None


Dungeon Overview and Level Annotations

Branches:
Dungeon (11/15)            Temple (1/1) D:7            Lair (1/8) D:9
    Orc (1/2) D:10

Altars:
Ashenzari
Cheibriados
Dithmenos
Elyvilon
Fedhas
Gozag
Kikubaaqudgha
Makhleb
Nemelex Xobeh
Okawaru
Pakellas
Qazlal
Ru
Sif Muna
Trog
Vehumet
Xom
Yredelemnul
Zin
The Shining One
Beogh

Shops:
D:4 [   D:6 :

Annotations:
D:9 exclusion: big kobold
Lair:1 SaintRoka's ghost, journeyman OgGl; dricus's ghost, journeyman HOFi


Innate Abilities, Weirdness & Mutations

You are resistant to torment.
Your stone body is resilient (AC +7).
You are immune to poison.
You resist negative energy.
You are resistant to electric shocks.
You can survive without breathing.
You are immune to petrification.
You are immune to rotting.


Message History

Casting: Magic Dart
Confirm with . or Enter, or press ? or * to list all spells.
Aiming: Mephitic Cloud
Press: ? - help, Shift-Dir - straight line, f/p - dricus's ghost
Aim: dricus's ghost (lightly damaged)
You feel a surge of power!
The ball explodes into a vile cloud!
The stinking cloud engulfs dricus's ghost.
Dricus's ghost is lightly damaged.
The stinking cloud engulfs you! Dricus's ghost hits you!!
Casting: Mephitic Cloud
Confirm with . or Enter, or press ? or * to list all spells.
Aiming: Magic Dart
Press: ? - help, Shift-Dir - straight line, f/p - dricus's ghost
Aim: dricus's ghost (noxious fumes, lightly damaged)
You feel a surge of power!
The magic dart hits dricus's ghost.
Dricus's ghost is lightly damaged.
Dricus's ghost hits you!
* * * LOW HITPOINT WARNING * * *
Dricus's ghost hits you!
You die...

######.###..............#...#
.....................#..#...#
....#########...............#
....# ##.......#..+...# ##..#
##.......#..#...# .#..#
#........#..#...# ....#
##.......#......# .#..#
#.............. .#..#
#.§@######(.... ....# ###
#.§W# .... .#..######.###.§§#
... #......F.........# ..
.!.....†.........# .
......r..........# ..
.................## ...
.P#.#########.....# ....
..#.# #.....######....


You could see dricus's ghost.

Vanquished Creatures
  Erica (D:9)
  Pikel (D:5)
  A spriggan (D:9)
  A wyvern (D:9)
  6 yaks (D:10)
  2 hungry ghosts
  A warg (D:10)
  3 water moccasins (Lair:1)
  A porcupine (D:9)
  5 sky beasts
  2 orc warriors
  4 ice beasts
  9 ogres
  2 black bears
  A phantom (D:6)
  6 centaurs
  2 big kobolds (D:9)
  7 giant frogs
  A scorpion (D:10)
  A wyvern skeleton (D:10)
  19 killer bees (D:10)
  3 wights (D:10)
  4 howler monkeys
  A giant frog zombie (D:5)
  A quasit (D:6)
  6 hounds
  5 crimson imps
  5 orc priests
  3 jellies
  A gnoll shaman (D:6)
  2 centaur skeletons
  3 giant frog skeletons
  An iguana (D:8)
  7 orc wizards
  10 worker ants
  A killer bee zombie (D:10)
  8 sheep
  A hound skeleton (D:6)
  7 gnolls
  12 adders
  A shadow imp (D:6)
  An ooze (D:4)
  An adder skeleton (D:9)
  4 worms
  2 dart slugs (D:3)
  12 giant geckos
  30 orcs
  8 bats
  6 giant cockroaches
  12 goblins
  9 hobgoblins
  9 jackals
  5 quokkas
  A ball python (Sewer)
  A ball python skeleton (D:4)
  5 giant newts
  2 goblin skeletons (D:6)
  A goblin zombie (D:6)
  2 hobgoblin zombies (D:6)
  10 kobolds
  2 kobold skeletons (D:6)
  A kobold zombie (D:6)
  An orc zombie (D:6)
  A quokka skeleton (D:9)
  19 rats
303 creatures vanquished.

Vanquished Creatures (collateral kills)
  2 killer bees (D:10)
2 creatures vanquished.

Vanquished Creatures (others)
  A wasp zombie (D:10)
  A worker ant (D:10)
  A gnoll (D:10)
  2 fungi
5 creatures vanquished.

Grand Total: 310 creatures vanquished

Notes
Turn   | Place    | Note
--------------------------------------------------------------
     0 | D:1      | MaCx the Gargoyle Wizard began the quest for the Orb.
     0 | D:1      | Reached XP level 1. HP: 10/10 MP: 4/4
   224 | D:1      | Reached XP level 2. HP: 13/15 MP: 1/6
  1353 | D:1      | Reached XP level 3. HP: 19/19 MP: 4/8
  2388 | D:2      | Found a shattered altar of Ashenzari.
  2534 | D:2      | Found a basalt altar of Yredelemnul.
  2535 | D:2      | Found a blossoming altar of Fedhas.
  2535 | D:2      | Found a snail-covered altar of Cheibriados.
  2987 | D:2      | Reached XP level 4. HP: 24/24 MP: 2/9
  3966 | D:2      | Reached XP level 5. HP: 28/28 MP: 8/11
  5227 | D:3      | Found a sacrificial altar of Ru.
  5393 | D:4      | Noticed an ogre
  5824 | D:4      | Learned a level 3 spell: Mephitic Cloud
  5828 | D:4      | Learned a level 3 spell: Conjure Flame
  5831 | D:4      | Learned a level 2 spell: Repel Missiles
  5834 | D:4      | Learned a level 2 spell: Blink
  5835 | D:4      | Found a glowing drain.
  5982 | Sewer    | Entered a sewer
  6016 | Sewer    | Noticed Gargoyl's ghost (amateur DsAK)
  6393 | D:4      | Reached XP level 6. HP: 22/32 MP: 11/13
  6523 | D:4      | Reached skill level 5 in Spellcasting
  6668 | D:4      | Found Moakucuu's Armour Shop.
  6675 | D:4      | Bought a +0 buckler for 58 gold pieces
  6775 | D:4      | Reached skill level 5 in Conjurations
  7138 | D:4      | Reached skill level 1 in Fighting
  7138 | D:4      | Reached XP level 7. HP: 38/38 MP: 6/14
  7473 | D:5      | Entered Level 5 of the Dungeon
  7473 | D:5      | Found a sparkling altar of Nemelex Xobeh.
  7473 | D:5      | Noticed Pikel
  7485 | D:5      | Killed Pikel
  7485 | D:5      | Reached XP level 8. HP: 24/45 MP: 6/15
  8090 | D:5      | Found an ancient bone altar of Kikubaaqudgha.
  8506 | D:6      | Found a glowing silver altar of Zin.
  9039 | D:6      | Found Obezatakh's Book Emporium.
  9287 | D:6      | HP: 1/48 [orc warrior/trident (8)]
  9669 | D:6      | Found a glowing golden altar of the Shining One.
 10071 | D:6      | Reached XP level 9. HP: 33/52 MP: 16/16
 10526 | D:6      | Reached skill level 5 in Fighting
 11036 | D:7      | Reached skill level 5 in Fire Magic
 11253 | D:7      | Reached skill level 5 in Staves
 12338 | D:7      | Found a staircase to the Ecumenical Temple.
 12356 | Temple   | Entered the Ecumenical Temple
 12615 | Temple   | Became a worshipper of Vehumet
 12730 | D:7      | Found an iron altar of Okawaru.
 13726 | D:8      | Reached XP level 10. HP: 60/60 MP: 17/17
 13838 | D:8      | Reached skill level 5 in Air Magic
 14185 | D:9      | Reached skill level 1 in Shields
 14559 | D:9      | Noticed Erica
 15003 | D:9      | Killed Erica
 15003 | D:9      | Reached * piety under Vehumet
 15003 | D:9      | Offered knowledge of Sting by Vehumet.
 15003 | D:9      | Reached skill level 5 in Shields
 15278 | D:9      | Found a white marble altar of Elyvilon.
 15563 | D:9      | Found a staircase to the Lair.
 15648 | D:9      | Found an oddly glowing altar of Pakellas.
 15648 | D:9      | Found a shadowy altar of Dithmenos.
 16398 | D:10     | Entered Level 10 of the Dungeon
 16438 | Lair:1   | Entered Level 1 of the Lair of Beasts
 16742 | Lair:1   | Noticed SaintRoka's ghost (journeyman OgGl)
 16769 | D:9      | Upgraded the game from 0.18.1-48-g4cf74bf to 0.18.1-50-g88ac8fd
 16805 | Lair:1   | Noticed dricus's ghost (journeyman HOFi)
 17946 | D:9      | Reached ** piety under Vehumet
 17946 | D:9      | Offered knowledge of Flame Tongue by Vehumet.
 18235 | D:10     | Found a staircase to the Orcish Mines.
 18247 | D:10     | Found a roughly hewn altar of Beogh.
 18276 | D:10     | Reached XP level 11. HP: 62/64 MP: 18/18
 20400 | D:8      | Noticed a hill giant
 20599 | Orc:1    | Entered Level 1 of the Orcish Mines
 21528 | D:10     | Got an ancient ivory ring
 21530 | D:10     | Identified the ring "Xejec" {rElec EV+3 Str+9 Dex-2 Slay+2} (You found it on level 10 of the Dungeon)
 21589 | D:11     | Noticed a hill giant
 21859 | Lair:1   | Slain by dricus's ghost

Skill      XL: |  1  2  3  4  5  6  7  8  9 10 11 |
---------------+----------------------------------+-----
Conjurations   | 2 3 4 5 |  5.0
Spellcasting   | 4 5 |  5.1
Fighting       | 1 2 4 6 |  6.0
Staves         | 2 4 5 6 7 |  7.7
Fire Magic     | 2 4 6 7 |  7.6
Air Magic      | 2 3 4 5 6 |  6.3
Dodging        | 2 3 4 |  4.4
Shields        | 5 |  5.0
Stealth        | |  2.2
Summonings     | |  0.8
Translocations | |  0.8

Action                   |  1- 3 |  4- 6 |  7- 9 | 10-12 || total
-------------------------+-------+-------+-------+-------++-------
Melee: Unarmed           |    68 |    26 |       |       ||    94
       Whip              |       |   147 |       |       ||   147
       Quarterstaff      |       |     9 |   285 |    25 ||   319
       Staff             |       |       |       |   732 ||   732
 Cast: Magic Dart        |    92 |   179 |   257 |   315 ||   843
       Mephitic Cloud    |       |     3 |    28 |    63 ||    94
       Conjure Flame     |       |       |     5 |    14 ||    19
       Blink             |       |       |     3 |    16 ||    19
       Repel Missiles    |       |       |     4 |       ||     4
Evoke: Wand              |       |       |       |     1 ||     1
  Use: Scroll            |       |     6 |     2 |    12 ||    20
 Stab: Confused          |       |     1 |     9 |    27 ||    37
       Distracted        |       |       |     1 |       ||     1
  Eat: Chunk             |     5 |    15 |    21 |     8 ||    49
       Beef jerky        |       |       |     1 |       ||     1
       Meat ration       |       |       |       |     3 ||     3
       Royal jelly       |       |       |       |     2 ||     2
       Fruit             |       |       |       |     2 ||     2
       Bread ration      |       |       |       |     1 ||     1
Armor: Robe              |    27 |    94 |   233 |   290 ||   644
Dodge: Dodged            |    42 |   149 |   250 |   329 ||   770
       Deflected         |       |       |     8 |     1 ||     9
Block: Buckler           |       |     1 |       |   112 ||   113
